 Dungeon Crawl Stone Soup version 0.27-a0-1456-gf5a116941d (webtiles) character file.

Game seed: 10081631441952537774

42 tsouns the Insei (level 3, 0/26 HPs)
             Began as a Demonspawn Transmuter on July 6, 2021.
             Was an Initiate of Ashenzari.
             Slain by a hobgoblin (3 damage)
             ... led by Robin
             ... on level 2 of the Dungeon.
             The game lasted 00:03:04 (1360 turns).

tsouns the Insei (Demonspawn Transmuter)            Turns: 1360, Time: 00:03:04

Health: 0/26       AC:  4    Str: 10    XL:     3   Next: 33%
Magic:  4/6        EV: 12    Int: 15    God:    Ashenzari [......]
Gold:   38         SH:  0    Dex: 13    Spells: 0/6 levels left

rFire    . . .     SeeInvis .     - Unarmed
rCold    . . .     Faith    .   (no shield)
rNeg     . . .     Spirit   .   a - +0 robe
rPois    .         Reflect  .   (no helmet)
rElec    .         Harm     .   (no cloak)
rCorr    .         Rampage  .   (no gloves)
Will     .....                  (no boots)
Stlth    +.........             (no amulet)
HPRegen  0.08/turn              (no ring)
MPRegen  0.10/turn              (no ring)

@: no status effects
A: talons 1, molten scales 1
a: Renounce Religion, Curse Item


You were on level 2 of the Dungeon.
You worshipped Ashenzari.
Ashenzari was noncommittal.
You visited 1 branch of the dungeon, and saw 2 of its levels.

You collected 38 gold pieces.

Inventory:

Armour
 a - a +0 robe (worn)
Scrolls
 c - 2 scrolls of identify
 d - a scroll of noise
 e - a scroll of teleportation
 g - a scroll of acquirement
 h - a scroll of magic mapping
Potions
 b - a potion of heal wounds
 f - a potion of invisibility


   Skills:
 - Level 1.0 Fighting
 - Level 1.7 Dodging
 + Level 3.4 Unarmed Combat
 + Level 2.1 Spellcasting
 + Level 2.6 Transmutations


You couldn't memorise any spells.
You knew the following spells:

 Your Spells              Type           Power      Damage    Failure   Level
a - Beastly Appendage     Tmut           18%        N/A       8%          1
b - Wereblood             Tmut           9%         N/A       11%         2
c - Spider Form           Tmut/Pois      2%         N/A       36%         3

Your spell library contained the following spells:

 Spells                   Type           Power      Damage    Failure   Level
 Foxfire                  Conj/Fire      4%         2x1d4     22%         1
 Ensorcelled Hibernation  Hex/Ice        2%         N/A       32%         2
 Conjure Flame            Conj/Fire      1%         6-21      54%         3
 Inner Flame              Hex/Fire       1%         N/A       54%         3
 Ice Form                 Ice/Tmut       5%         N/A       77%         4
 Shadow Creatures         Summ           N/A        N/A       100%        6


Dungeon Overview and Level Annotations

Branches:
Dungeon (2/15)

Altars:
Ashenzari

Shops:
D:1 (

Annotations:
D:2 Robin


Innate Abilities, Weirdness & Mutations

You have sharp toenails.
You are partially covered in molten scales. (AC +2)


Message History

Your transformation is almost over.
The hobgoblin completely misses you.
Robin roars a battlecry!
The hobgoblins go into a battle-frenzy!
You hit the hobgoblin but do no damage.
The hobgoblin is poisoned.
You hit the hobgoblin but do no damage.
The hobgoblin looks as sick as possible!
The hobgoblin is lightly wounded.
The hobgoblin completely misses you.
You hit the hobgoblin but do no damage.
The hobgoblin looks as sick as possible!
The hobgoblin is moderately wounded.
Robin misses you. The hobgoblin closely misses you. x2
You hit the hobgoblin.
The hobgoblin looks as sick as possible!
The hobgoblin is severely wounded.
Robin hits you from afar with a +0 spear.
The hobgoblin closely misses you.
You barely miss the hobgoblin.
The hobgoblin is almost dead.
You kill the hobgoblin!
Robin drinks a potion.
Robin flickers and vanishes!
Deactivating autopickup; reactivate with Ctrl-A.
You hit the hobgoblin.
The hobgoblin is almost dead.
Something hits you. The hobgoblin misses you.
You barely miss the hobgoblin.
The hobgoblin is almost dead.
Something hits you. The hobgoblin closely misses you.
You barely miss the hobgoblin.
The hobgoblin is almost dead.
Something barely misses you. The hobgoblin completely misses you.
Your transformation has ended.
Your +0 robe unmelds from your body.
Something hits you. The hobgoblin hits you.
* * * LOW HITPOINT WARNING * * *
You hit something but do no damage. You claw something. Something hits you.
* * * LOW HITPOINT WARNING * * *
The hobgoblin hits you.
You die...

#. ####### #. ######### #
### #.####.......######
####.. .....#.............
......##....#.............
..........................
..........#.............
#...##.{.#.............
#...##@..#.............
#:..).g..########......
###.#######......###.##
#....# #.####.###.# ####.#
#.##.......#
#)####.##.#.#####
#.).........#
#############


You could see a hobgoblin (strong).

Vanquished Creatures
  3 dart slugs
  2 endoplasms (D:1)
  2 giant cockroaches
  10 goblins
  2 hobgoblins (D:2)
  3 jackals (D:1)
  A kobold (D:1)
  A quokka (D:2)
  5 ball pythons
  A bat (D:2)
  A frilled lizard (D:1)
  A rat (D:1)
32 creatures vanquished.

Notes
Turn   | Place    | Note
-------+----------+-------------------------------------------
     0 | D:1      | tsouns the Demonspawn Transmuter began the quest for the
                  | Orb.
     0 | D:1      | Reached XP level 1. HP: 15/15 MP: 3/3
   295 | D:1      | Found Haazah's Weapon Shop.
   350 | D:1      | Reached skill level 3 in Unarmed Combat
   350 | D:1      | Gained mutation: You are partially covered in molten
                  | scales. (AC +2) [demonic ancestry]
   350 | D:1      | Reached XP level 2. HP: 17/21 MP: 1/5
   353 | D:1      | Learned a level 2 spell: Wereblood
  1149 | D:2      | Found a faded altar of an unknown god.
  1161 | D:2      | Became a worshipper of Ashenzari the Shackled
  1161 | D:2      | Identified a scroll of acquirement
  1199 | D:2      | Gained mutation: You have sharp toenails. [demonic
                  | ancestry]
  1199 | D:2      | Reached XP level 3. HP: 24/26 MP: 6/6
  1234 | D:2      | Learned a level 3 spell: Spider Form
  1268 | D:2      | Noticed Robin
  1360 | D:2      | Slain by a hobgoblin

Illustrated notes

Levels and vault maps discovered:
D:1:      tarquinn_simple_flora_water_c, layout_loops_cross, serial_shops,
          nicolae_shop_stone
D:2:      layout_loops_cross, ebering_ecumenical_altar_sacrificial,
          uniq_jessica, uniq_robin

Skill      XL: |  1 |
---------------+----+-----
Transmutations | 2 |  2.6
Unarmed Combat | 3 |  3.4
Fighting       | |  1.0
Dodging        | |  1.7
Spellcasting   | |  2.1

Action                   || total
-------------------------++-------
Melee: Unarmed           ||    94
       Kick              ||     4
       Headbutt          ||     1
 Cast: Beastly Appendage ||     3
       Spider Form       ||     2
 Stab: Sleeping          ||     4
Armor: Robe              ||    19
       Skin              ||     1
Dodge: Dodged            ||    59

Table legend: (Time is in decaauts)
 A = Elapsed time spent in this place.
 B = Non-inter-level travel time spent in this place.
 C = Inter-level travel time spent in this place.
 D = Time resting spent in this place.
 E = Time spent auto-exploring this place.
 F = Levels seen in this place.
 G = Mean time per level.
                   A        B        C        D        E       F      G
               +--------+--------+--------+--------+--------+-----+--------+
         Total |   1353 |   1344 |      9 |      0 |   1122 |   2 |  676.5 |
       Dungeon |   1353 |   1344 |      9 |      0 |   1122 |   2 |  676.5 |
               +--------+--------+--------+--------+--------+-----+--------+

Top non-repeatable levels by time:
     D:1: 1099 daAuts
     D:2: 254 daAuts
